 Dungeon Crawl Stone Soup version 0.19.0-19-g8c6edcc (webtiles) character file.

198 Charly the Chopper (level 5, -1/40 HPs)
             Began as a Vine Stalker Berserker on Nov 15, 2016.
             Was a Believer of Trog.
             Slain by a hippogriff (4 damage)
             ... on level 7 of the Dungeon.
             The game lasted 00:03:20 (478 turns).

Charly the Chopper (Vine Stalker Berserker)          Turns: 478, Time: 00:03:20

Health: -1/40      AC:  9    Str: 25    XL:     5   Next: 77%
Magic:  0/6        EV:  9    Int:  7    God:    Trog [**....]
Gold:   22         SH:  0    Dex: 14    Spells: 0 memorised, 4 levels left

rFire  . . .     SeeInvis .     a - +0 hand axe
rCold  . . .     Gourm    .     h - +0 chain mail
rNeg   . . .     Faith    .     (no shield)
rPois  .         Spirit   +     e - +0 helmet
rElec  .         Reflect  .     (no cloak)
rCorr  .         Harm     .     (no gloves)
MR     .....                    (no boots)
Stlth  ..........               (no amulet)
                                (no ring)
                                (no ring)

@: berserking (expiring), glowing, very quick
A: fangs 2, regeneration 1, magic shield, antimagic bite, no device heal 3, rot
immunity
a: Berserk, Trog's Hand, Burn Spellbooks, Renounce Religion


You were on level 7 of the Dungeon.
You worshipped Trog.
Trog was pleased with you.
You were hungry.

You visited 1 branch of the dungeon, and saw 7 of its levels.

You collected 22 gold pieces.

Inventory:

Hand Weapons
 a - a +0 hand axe (weapon)
Armour
 b - a +0 animal skin
 e - a +0 helmet (worn)
 h - a +0 chain mail (worn)
Jewellery
 f - an uncursed ring of fire
Scrolls
 d - a scroll of identify {unknown}
 i - a scroll of enchant weapon {unknown}
 j - a scroll of random uselessness {unknown}
Potions
 g - a potion of flight {unknown}
 k - a potion of heal wounds {unknown}
Comestibles
 c - a bread ration
 l - a chunk of flesh


   Skills:
 - Level 2.6 Fighting
 + Level 5.7 Axes
 - Level 1.5 Armour
 - Level 1.5 Dodging


You had 4 spell levels left.
You didn't know any spells.

Dungeon Overview and Level Annotations

Branches:
Dungeon (7/15)
 Temple: D:4-7

Altars:

Annotations:
D:7 Dowan, Duvessa, Menkaure


Innate Abilities, Weirdness & Mutations

You have extremely sharp teeth.
Your natural rate of healing is unusually fast.
When hurt, damage is shared between your health and your magic reserves.
Your bite disrupts and absorbs the magic of your enemies.
Potions and wands cannot restore your health.
You are immune to rotting.


Message History

You closely miss something. You slash the hippogriff!
Your chain mail prevents you from hitting Dowan.
The hippogriff bites you.
* * * LOW HITPOINT WARNING * * *
The hippogriff pecks you but does no damage.
The hippogriff claws you but does no damage.
The orc warrior hits you with a dire flail!
* * * LOW HITPOINT WARNING * * *
Something hits you.
* * * LOW HITPOINT WARNING * * *
Unknown command.
Unknown command.
You hit the orc warrior.
The orc warrior is severely wounded.
Your chain mail prevents you from hitting something.
You slash the hippogriff! You closely miss Dowan.
Dowan hits you but does no damage. The orc hits you but does no damage.
The hippogriff bites you but does no damage.
The hippogriff pecks you.
You die...

#.#.# #(#.#
#.#.#######
#.#.......#
#.#.#####.#
####.### #.#
#......# #.####
########.#.##.#
#....#
......e@)#.# .#
#####.#
####.#H{o..# .
#).<#.#
.ooM#### ##
#.###.# #...oo
#.....# #....o
#.##### #.%....
#.# #...... ###
#.......


You could see a hippogriff, an orc warrior, Menkaure, Dowan, 2 orc wizards and 3
orcs.

Vanquished Creatures
  2 orc priests
  3 orc wizards
  A worker ant zombie (D:6)
  An adder (D:3)
  A leopard gecko (D:1)
  8 orcs
  A giant cockroach (D:4)
  A hobgoblin (D:1)
  6 jackals
  3 quokkas
  2 ball pythons
  A goblin (D:3)
  A jackal zombie (D:5)
  2 rats (D:2)
33 creatures vanquished.

Notes
Turn   | Place    | Note
-------+----------+-------------------------------------------
     0 | D:1      | Charly the Vine Stalker Berserker began the quest for the Orb.
     0 | D:1      | Reached XP level 1. HP: 11/11 MP: 2/2
    44 | D:2      | Reached skill level 3 in Axes
    46 | D:2      | Reached XP level 2. HP: 11/16 MP: 3/3
   232 | D:4      | Reached XP level 3. HP: 19/19 MP: 4/4
   237 | D:4      | Reached skill level 4 in Axes
   248 | D:4      | Gained mutation: Your natural rate of healing is unusually fast. [Vine Stalker growth]
   248 | D:4      | Reached XP level 4. HP: 8/23 MP: 2/5
   344 | D:5      | Entered Level 5 of the Dungeon
   367 | D:5      | Reached ** piety under Trog
   367 | D:5      | Reached skill level 5 in Axes
   369 | D:5      | Reached XP level 5. HP: 27/27 MP: 4/6
   461 | D:7      | Noticed Duvessa
   463 | D:7      | Noticed Dowan
   463 | D:7      | Noticed Menkaure
   463 | D:7      | Noticed an orc warrior
   467 | D:7      | Noticed a hippogriff
   477 | D:7      | HP: 2/40 [something (1)]
   478 | D:7      | Slain by a hippogriff

Skill      XL: |  1  2  3  4 |
---------------+-------------+-----
Axes           | 3 4 5 |  5.7
Fighting       | |  2.6
Armour         | |  1.5
Dodging        | |  1.5

Action                   |  1- 3 |  4- 6 || total
-------------------------+-------+-------++-------
Melee: Hand axe          |    39 |    33 ||    72
       Bite              |    10 |    12 ||    22
Invok: Berserk           |     3 |     2 ||     5
 Stab: Sleeping          |     1 |       ||     1
  Eat: Chunk             |       |     3 ||     3
Armor: Animal skin       |     3 |       ||     3
       Chain mail        |       |    27 ||    27
Dodge: Dodged            |    22 |    20 ||    42
